 Dungeon Crawl Stone Soup version 0.31-a0-263-ge8cad7f256 (webtiles) character file.

Game seed: 16867326043213252935

55 qw the Shooter (level 3, -5/29 HPs)
             Began as a Minotaur Hexslinger on July 13, 2023.
             Slain by Sigmund
             ... wielding a +0 scythe
              (8 damage)
             ... on level 2 of the Dungeon.
             The game lasted 00:00:28 (1106 turns).

qw the Shooter (Minotaur Hexslinger)                Turns: 1106, Time: 00:00:28

Health: -5/29      AC:  7    Str: 12    XL:     3   Next: 67%
Magic:  3/3        EV: 12    Int: 10    God:
Gold:   89         SH:  0    Dex: 14    Spells: 3/4 levels left

rFire   . . .        Y - +2 sling
rCold   . . .        (no shield)
rNeg    . . .        g - +0 leather armour
rPois   .            (helmet restricted)
rElec   .            (no cloak)
rCorr   .            (no gloves)
SInv    .            (no boots)
Will    .....        (no amulet)
Stlth   +            f - +4 ring of protection
HPRegen 0.24/turn    (no ring)
MPRegen 0.08/turn

%: no passive effects
@: no status effects
A: horns 2, retaliatory headbutt
a: no special abilities


You were on level 2 of the Dungeon.
You visited 1 branch of the dungeon, and saw 2 of its levels.

You collected 89 gold pieces.


Innate Abilities, Weirdness & Mutations

You have a pair of horns on your head.
You reflexively headbutt those who attack you in melee.


   Skills:
 - Level 2.0 Fighting
 + Level 4.2 Ranged Weapons
 - Level 2.1 Dodging
 - Level 1.0 Spellcasting
 - Level 2.0 Hexes


You had 3 spell levels left.
You knew the following spells:

 Your Spells              Type           Power      Damage    Failure   Level
a - Slow                  Hex            16%        N/A       19%         1

Your spell library contained the following spells:

 Spells                   Type           Power      Damage    Failure   Level
 Inner Flame              Hex/Fire       2%         N/A       65%         3
 Portal Projectile        Hex/Tloc       4%         N/A       65%         3
 Cause Fear               Hex            2%         N/A       88%         4

Inventory:

Hand Weapons
 Y - a +2 sling (weapon)
Armour
 g - a +0 leather armour (worn)
Jewellery
 f - a +4 ring of protection (left hand)
Scrolls
 c - 2 scrolls of amnesia {unknown}
Potions
 a - a potion of invisibility {unknown}
 b - a potion of heal wounds {unknown}
 d - a potion of might {unknown}
 e - a potion of haste {unknown}
 h - a potion of curing {unknown}

Dungeon Overview and Level Annotations

Branches:
Dungeon (2/15)

Altars:

Annotations:
D:2 Sigmund


Message History

The frilled lizard hisses angrily.
The sling bullet hits Sigmund.
Sigmund is moderately wounded.
Sigmund closely misses you.
You shoot a sling bullet.
The sling bullet completely misses Sigmund.
Sigmund barely misses you.
The frilled lizard unfolds its giant frill.
You shoot a sling bullet.
The sling bullet hits the frilled lizard.
You kill the frilled lizard!
Sigmund points at you and mumbles some strange words.
You are confused.
The quokka barely misses you.
Sigmund gestures wildly while chanting.
Sigmund flickers and vanishes!
Deactivating autopickup; reactivate with Ctrl-A.
The quokka misses you. Something hits you. The quokka closely misses you.
The quokka barely misses you. Something hits you. The quokka bites you.
Something hits you! The quokka barely misses you.
You feel less confused. The quokka bites you.
You shoot a sling bullet.
The sling bullet barely misses the quokka.
Something hits you.
The quokka bites you but does no damage.
You shoot a sling bullet.
The sling bullet closely misses the quokka.
The quokka closely misses you. Something hits you but does no damage.
The quokka bites you.
You shoot a sling bullet. The sling bullet hits the quokka.
The quokka is moderately wounded.
The quokka barely misses you. Something hits you.
You shoot a sling bullet. The sling bullet hits the quokka.
The quokka is heavily wounded.
The quokka misses you. x2; You furiously retaliate!
You headbutt the quokka.
You kill the quokka!
Something hits you!
You die...

#### .....
##################......
................@l{.....
##################......
..... .... $.. .. .


You could see a frilled lizard.

Vanquished Creatures
  An adder (D:2)
  A worm (D:2)
  3 bats
  5 endoplasms
  A giant cockroach (D:2)
  3 goblins
  4 hobgoblins
  7 jackals
  5 kobolds (D:1)
  2 quokkas (D:2)
  A ball python (D:1)
  4 frilled lizards
  3 rats
40 creatures vanquished.

Notes
Turn   | Place    | Note
-------+----------+-------------------------------------------
     0 | D:1      | qw the Minotaur Hexslinger began the quest for the Orb.
     0 | D:1      | Reached XP level 1. HP: 16/16 MP: 1/1
     0 | D:1      | 0 ||| qw: Version: 0.3-a-52-g30416fa
     0 | D:1      | 0 ||| qw: Game counter: 7409
     0 | D:1      | 0 ||| qw: Melee chars always use a shield: true
     0 | D:1      | 0 ||| qw: God list: Okawaru
     0 | D:1      | 0 ||| qw: Allow faded altars: false
     0 | D:1      | 0 ||| qw: Do Orc after clearing Dungeon:15 true
     0 | D:1      | 0 ||| qw: Do second Lair branch before Depths: true
     0 | D:1      | 0 ||| qw: Lair rune preference: random
     0 | D:1      | 0 ||| qw: Goals: Normal
     0 | D:1      | 0 ||| PLANNING D:1-11
   167 | D:1      | Reached skill level 3 in Ranged Weapons
   167 | D:1      | Reached XP level 2. HP: 19/23 MP: 2/2
   740 | D:1      | 740 ||| UPGRADING to +0 leather armour.
   750 | D:1      | 750 ||| DROPPING +0 robe.
   751 | D:1      | 751 ||| UPGRADING to +4 ring of protection.
   752 | D:1      | 752 ||| READING scroll labelled DUCILEU ZAL EFUM.
   753 | D:1      | 753 ||| READING scroll labelled JIMPESK MEBLE.
   754 | D:1      | 754 ||| READING scroll labelled OPTEED UTOKIUMOSEMM.
   755 | D:1      | 755 ||| DROPPING scroll of poison.
   815 | D:2      | Reached XP level 3. HP: 29/29 MP: 3/3
  1035 | D:2      | Reached skill level 4 in Ranged Weapons
  1089 | D:2      | Noticed Sigmund
  1105 | D:2      | HP: 2/29 [something (6)]
  1106 | D:2      | Slain by Sigmund

Levels and vault maps discovered:
D:1:      dpeg_arrival_round_c, layout_basic
D:2:      layout_basic, serial_shops, shop, uniq_sigmund,
          uniq_crazy_yiuf_cottage

Skill      XL: |  1  2  3 |
---------------+----------+-----
Ranged Weapons | 3 4 |  4.2
Fighting       | 2 |  2.0
Dodging        | |  2.1
Spellcasting   | |  1.0
Hexes          | |  2.0

Action                     || total
---------------------------++-------
   Fire: Sling             ||   112
    Use: Scroll            ||     3
 Armour: Robe              ||     5
         Leather armour    ||    10
  Dodge: Dodged            ||    31

Table legend:
 A = Non-vault XP
 B = Vault XP
 C = Vault XP percentage of total XP
 D = Non-vault monster count
 E = Vault monster count
 F = Vault count percentage of total count
                 A         B        C        D         E       F
            +---------+---------+-------+---------+---------+-------
      Total |      81 |       0 |   0.0 |      40 |       0 |   0.0
            +---------+---------+-------+---------+---------+-------
        D:1 |      35 |       0 |   0.0 |      22 |       0 |   0.0
        D:2 |      46 |       0 |   0.0 |      18 |       0 |   0.0
            +---------+---------+-------+---------+---------+-------
